 Dungeon Crawl Stone Soup version 0.14-a0-1361-g0512ea0 (webtiles) character file.

245 PolkaDot the Grave Robber (level 4, -4/30 HPs)
             Began as a Vampire Necromancer on Dec 7, 2013.
             Was an Initiate of Kikubaaqudgha.
             Slain by a worker ant (7 damage)
             ... on Level 4 of the Dungeon.
             The game lasted 00:10:34 (2762 turns).

PolkaDot the Grave Robber (Vampire Necromancer)     Turns: 2762, Time: 00:10:34

HP  -4/30        AC  2     Str  7      XL: 4   Next: 83%
MP   2/7         EV 12     Int 17      God: Kikubaaqudgha [......]
Gold 119         SH  0     Dex 15      Spells:  3 memorised,  2 levels left

rFire  . . .     SeeInvis +     f - +0 short sword
rCold  . . .     Clarity  .     a - +0 robe
rNeg   . . .     Conserve .     (no shield)
rPois  .         rCorr    .     (no helmet)
rElec  .         rRot     .     (no cloak)
SustAb . .       Spirit   .     (no gloves)
rMut   .         Warding  .     (no boots)
Saprov . . .     Stasis   .     (no amulet)
                                (no ring)
                                l - ring of see invisible {unknown}

@: regenerating quickly, slightly resistant to hostile enchantments, stealthy
A: fangs 3, see invisible, unbreathing
a: Renounce Religion


You were on level 4 of the Dungeon.
You worshipped Kikubaaqudgha.
Kikubaaqudgha was noncommittal.
You were full.

You visited 2 branches of the dungeon, and saw 5 of its levels.

You collected 119 gold pieces.

Inventory:

Hand weapons
 f - a +0,+0 short sword (weapon)
Armour
 a - a +0 robe (worn)
Magical devices
 m - a wand of confusion (14)
Scrolls
 c - a scroll of fear {unknown}
 d - a scroll of curse jewellery {unknown}
 e - 4 scrolls of remove curse {unknown}
 h - 3 scrolls of teleportation {unknown}
 i - a scroll of enchant weapon II {unknown}
 j - a scroll of identify {unknown}
 n - a scroll of magic mapping {unknown}
Jewellery
 l - a ring of see invisible (left hand) {unknown}
Books
 b - a book of Necromancy

   Spells                             Type                      Level
   *Pain                              Necromancy                   1
   *Animate Skeleton                  Necromancy                   1
   Lethal Infusion                    Charms/Necromancy            2
   *Vampiric Draining                 Necromancy                   3
   Regeneration                       Charms/Necromancy            3
   Animate Dead                       Necromancy                   4
   Control Undead                     Necromancy                   4


   Skills:
 + Level 1.2 Short Blades
 - Level 2.1 Dodging
 - Level 3.0 Stealth
 - Level 2.0 Spellcasting
 * Level 6.6 Necromancy


You had 2 spell levels left.
You knew the following spells:

 Your Spells              Type           Power        Failure   Level  Hunger
a - Pain                  Necr           ###.         1%          1    #......
d - Vampiric Draining     Necr           ###.......   4%          3    ####...
s - Animate Skeleton      Necr           N/A          1%          1    #......


Dungeon Overview and Level Annotations

Branches:
Dungeon (4/16)             Temple (1/1) D:4

Altars:
Ashenzari
Cheibriados
Elyvilon
Fedhas
Kikubaaqudgha
Nemelex Xobeh
Okawaru
Sif Muna
Trog
Xom
the Shining One


Innate Abilities, Weirdness & Mutations

Your natural rate of healing is unusually fast.
You have razor-sharp teeth.*
You have supernaturally acute eyesight.
You can survive without breathing.*


Message History

The worker ant bites you.
* * * LOW HITPOINT WARNING * * *
You barely miss the worker ant.
The worker ant is almost dead.
The worker ant bites you.
* * * LOW HITPOINT WARNING * * *
The worker ant barely misses you.
Casting: Animate Skeleton
Confirm with . or Enter, or press ? or * to list all spells.
You don't have enough magic to cast that spell.
You aren't carrying any potions.
Use which ability? (? or * to list)
Okay, then.
Casting: Animate Skeleton
Confirm with . or Enter, or press ? or * to list all spells.
Okay, then.
The worker ant barely misses you. The worker ant bites you!
You die...
Kikubaaqudgha rasps: "You have failed me!
Welcome... oblivion!"

8.8.8..#####...⌠.⌠..## ########
#..8.8.8..# #.........#
#.#####...# #.# ##.##
############.######.#############
.................................
...........(........[............
....%..........a@................
.................................
.......).........................
.................................
.................................
#################################


You could see a worker ant.

Vanquished Creatures
  An orc priest (D:3)
  3 adders
  A worm (D:3)
  3 giant geckos
  2 oozes
  5 orcs (D:3)
  7 bats
  A giant cockroach (D:2)
  4 hobgoblins (D:3)
  11 jackals
  2 giant newts (D:1)
  6 goblins
  5 kobolds
  2 quokkas (D:4)
  6 rats
59 creatures vanquished.

Vanquished Creatures (collateral kills)
  A hobgoblin (D:2)
  A goblin (D:2)
2 creatures vanquished.

Vanquished Creatures (others)
  A bat skeleton (D:4)
  2 jackal skeletons (D:3)
  A kobold skeleton (D:3)
4 creatures vanquished.

Grand Total: 65 creatures vanquished

Notes
Turn   | Place    | Note
--------------------------------------------------------------
     0 | D:1      | PolkaDot, the Vampire Necromancer, began the quest for the Orb.
     0 | D:1      | Reached XP level 1. HP: 13/13 MP: 3/3
     2 | D:1      | Learned a level 1 spell: Animate Skeleton
   283 | D:1      | Reached XP level 2. HP: 16/19 MP: 4/4
   304 | D:1      | Reached skill level 5 in Necromancy
   795 | D:2      | Reached XP level 3. HP: 24/24 MP: 6/6
  1279 | D:3      | Reached skill level 6 in Necromancy
  1350 | D:3      | HP: 1/24 [jackal (3)]
  1519 | D:3      | Reached XP level 4. HP: 15/30 MP: 7/7
  1664 | D:3      | Learned a level 3 spell: Vampiric Draining
  1926 | D:3      | Reached skill level 1 in Short Blades
  2406 | D:4      | Found a staircase to the Ecumenical Temple.
  2439 | Temple   | Entered the Ecumenical Temple
  2666 | Temple   | Became a worshipper of Kikubaaqudgha
  2751 | D:4      | HP: 1/30 [worker ant (6)]
  2762 | D:4      | Slain by a worker ant

Action                   |  1- 3 |  4- 6 || total
-------------------------+-------+-------++-------
Melee: Short sword       |   155 |    69 ||   224
 Cast: Animate Skeleton  |     5 |     5 ||    10
       Pain              |     1 |     3 ||     4
       Vampiric Draining |       |     4 ||     4
Evoke: Wand              |     1 |       ||     1
  Use: Potion            |     3 |       ||     3
 Stab: Sleeping          |     5 |     1 ||     6
       Distracted        |     1 |     1 ||     2
